 Dungeon Crawl Stone Soup version 0.16-a0-3710-g67818e0 (webtiles) character file.

29 Chasingthesun the Skirmisher (level 3, 0/29 HPs)
             Began as a Demonspawn Chaos Knight on Jan 19, 2015.
             Was a Plaything of Xom.
             Slain by a raven (glowing shapeshifter) (1 damage)
             ... on level 2 of the Dungeon.
             The game lasted 00:03:27 (897 turns).

Chasingthesun the Skirmisher (DsCK)                  Turns: 897, Time: 00:03:27

Health: 0/29       AC:  6    Str: 18    XL:     3   Next: 1%
Magic:  3/3        EV:  2    Int: 18    God:    Xom [..*...]
Gold:   81         SH:  0    Dex: 12    Spells: 0 memorised, 2 levels left

rFire  . . .     SeeInvis .     a - +1 mace (chaos)
rCold  . . .     Clarity  .     b - +2 leather armour
rNeg   + + +     SustAb   .     (no shield)
rPois  ∞         Gourm    .     (no helmet)
rElec  .         Spirit   .     (no cloak)
rCorr  .         Warding  .     (no gloves)
rMut   .         Stasis   .     h - +0 pair of boots
MR     .....                    (no amulet)
Stlth  +.........               (no ring)
                                d - ring of positive energy

@: mighty, brilliant, petrified, very slightly contaminated, hasted, not
resistant to hostile enchantments, very unstealthy
A: hooves 1
a: Renounce Religion


You were on level 2 of the Dungeon.
You worshipped Xom.
You were a toy of Xom.
You were not hungry.

You visited 1 branch of the dungeon, and saw 2 of its levels.

You collected 81 gold pieces.

Inventory:

Hand weapons
 a - a +1 mace of chaos (weapon)
Armour
 b - a +2 leather armour (worn)
 h - a +0 pair of boots (worn)
Jewellery
 d - a ring of positive energy (left hand)
Scrolls
 e - 2 scrolls of remove curse
 g - 2 scrolls of identify
 i - a scroll of blinking
Comestibles
 c - a bread ration
 f - a meat ration


   Skills:
 + Level 3.6 Fighting
 + Level 3.0 Maces & Flails
 + Level 1.9 Armour
 + Level 1.2 Dodging


You had 2 spell levels left.
You didn't know any spells.

Dungeon Overview and Level Annotations

Branches:
Dungeon (2/15)

Altars:


Innate Abilities, Weirdness & Mutations

You have large cloven feet.


Message History

The basilisk gazes at you.
You are slowing down.
You hit the basilisk. You freeze the basilisk.
The basilisk is moderately wounded.
The basilisk changes into a raven!
Your limbs are stiffening.
You sock the raven!
The raven is heavily wounded.
The raven barely misses you. The raven claws you. The raven pecks you!
The raven claws you.
* * * LOW HITPOINT WARNING * * *
You have turned to stone.
The raven barely misses you. The raven claws you but does no damage.
The raven pecks you!
* * * LOW HITPOINT WARNING * * *
The raven claws you but does no damage. The raven pecks you.
* * * LOW HITPOINT WARNING * * *
The raven claws you.
You die...
Xom guffaws!

##...######.†.....##...>..# #.#
............##.#.###......# #.#
.>......)......#..........# #.#
.......(..................# #.#
##...#####.......##.#.....# #.#
#...# #......)...##D#### #..
#...# #.......#####.##### ###
#...# ##......#####.#...## #
#...# #......@b..........## #
#...# #.##.##.#####.......## #
#.### ###.##.##.# #.........###
#(#####.........####...(..>.....
##.......#.###.#...†..........###
.....)#..#.......#####.......##
............##.### ##.....##
.#.##.#..##.##.# ##...##
.#.......##.##.# #####


You could see a raven shaped shifter.

Vanquished Creatures
  An adder (D:2)
  A giant gecko (D:1)
  A giant cockroach (D:2)
  3 goblins (D:1)
  2 hobgoblins
  A quokka (D:2)
  A ball python (D:1)
  2 bats (D:1)
  2 giant newts
  2 jackals (D:2)
  3 kobolds (D:2)
  2 rats (D:1)
21 creatures vanquished.

Notes
Turn   | Place    | Note
--------------------------------------------------------------
     0 | D:1      | Chasingthesun, the Demonspawn Chaos Knight, began the quest for the Orb.
     0 | D:1      | Reached XP level 1. HP: 18/18 MP: 1/1
   201 | D:1      | Gained mutation: You have large cloven feet. [demonic ancestry]
   201 | D:1      | Reached XP level 2. HP: 24/24 MP: 2/2
   304 | D:1      | XOM: silly message
   691 | D:2      | XOM: harmless Necr miscast
   727 | D:2      | Reached skill level 1 in Dodging
   824 | D:2      | Reached XP level 3. HP: 27/29 MP: 3/3
   866 | D:2      | Noticed a wasp
   866 | D:2      | an ooze changed into a wasp
   870 | D:2      | a wasp changed into a sheep
   872 | D:2      | Noticed a warg
   872 | D:2      | a sheep changed into a warg
   874 | D:2      | Xom revived you
   875 | D:2      | Noticed a giant frog
   875 | D:2      | a warg changed into a giant frog
   876 | D:2      | Noticed a brain worm
   876 | D:2      | a giant frog changed into a brain worm
   878 | D:2      | a brain worm changed into a goliath beetle
   880 | D:2      | Noticed a wyvern
   880 | D:2      | a goliath beetle changed into a wyvern
   886 | D:2      | a wyvern changed into a worm
   888 | D:2      | HP: 1/29 [poisoned by a wasp]
   890 | D:2      | Noticed a basilisk
   890 | D:2      | a worm changed into a basilisk
   894 | D:2      | Noticed a raven
   894 | D:2      | a basilisk changed into a raven
   897 | D:2      | HP: 1/29 [raven (glowing shapeshifter) (2)]
   897 | D:2      | Slain by a raven (glowing shapeshifter)

Action                   || total
-------------------------++-------
Melee: Mace              ||    67
  Use: Scroll            ||     4
       Potion            ||     5
 Stab: Petrifying        ||     1
